 Dungeon Crawl Stone Soup version 0.29.1-13-g9f3cf754e1 (webtiles) character file.

Game seed: 8085653797862978206

189 Rikuski the Firebug (level 5, -4/28 HPs)
             Began as a Deep Elf Fire Elementalist on Feb 1, 2023.
             Killed by nerve-wracking pain
             ... invoked by an orc priest
              (14 damage)
             ... on level 4 of the Dungeon.
             The game lasted 00:23:42 (3242 turns).

Rikuski the Firebug (Deep Elf Fire Elementalist)    Turns: 3242, Time: 00:23:42

Health: -4/28      AC:  3    Str:  5    XL:     5   Next: 40%
Magic:  4/13       EV: 12    Int: 22    God:
Gold:   199        SH:  0    Dex: 15    Spells: 10/13 levels left

rFire   . . .      SeeInvis .   n - staff of poison
rCold   . . .      Faith    .   (no shield)
rNeg    . . .      Spirit   .   a - +0 robe
rPois   +          Reflect  .   (no helmet)
rElec   .          Harm     .   (no cloak)
rCorr   .          Rampage  .   (no gloves)
Will    .....                   f - +0 pair of boots
Stlth   ++........              (no amulet)
HPRegen 0.09/turn               (no ring)
MPRegen 0.13/turn               (no ring)

@: no status effects
A: no striking features
a: no special abilities


You were on level 4 of the Dungeon.
You visited 1 branch of the dungeon, and saw 4 of its levels.

You collected 199 gold pieces.

Inventory:

Hand Weapons
 d - a +0 dagger
Missiles
 i - 2 datura-tipped darts (quivered)
 k - 13 stones
Armour
 a - a +0 robe (worn)
 b - a +0 robe
 f - a +0 pair of boots (worn)
Magical Staves
 n - a staff of poison (weapon)
 o - a staff of cold
Scrolls
 g - a scroll of identify {unknown}
 h - a scroll of noise {unknown}
 j - 2 scrolls of teleportation {unknown}
 l - 2 scrolls of immolation {unknown}
 m - a scroll of torment {unknown}
 p - a scroll of silence {unknown}
Potions
 c - 2 potions of curing
 e - a potion of invisibility {unknown}
 q - a potion of ambrosia {unknown}


   Skills:
 - Level 2.4 Dodging
 - Level 2.4 Stealth
 + Level 4.5 Spellcasting
 + Level 3.0 Conjurations
 * Level 5.4 Fire Magic


You had 10 spell levels left.
You knew the following spells:

 Your Spells              Type           Power      Damage    Failure   Level
a - Foxfire               Conj/Fire      92%        2x1d8     1%          1
b - Scorch                Fire           56%        2d8       1%          2

Your spell library contained the following spells:

 Spells                   Type           Power      Damage    Failure   Level
 Conjure Flame            Conj/Fire      23%        6-21      6%          3
 Apportation              Tloc           8%         N/A       11%         1
 Necrotise                Necr           16%        1d4       11%         1
 Summon Small Mammal      Summ           16%        N/A       11%         1
 Inner Flame              Hex/Fire       16%        N/A       11%         3
 Flame Wave               Conj/Fire      23%        2d8       19%         4
 Call Canine Familiar     Summ           4%         N/A       32%         3
 Summon Guardian Golem    Hex/Summ       4%         N/A       32%         3


Dungeon Overview and Level Annotations

Branches:
Dungeon (4/15)             Temple (0/1) D:4

Altars:
Yredelemnul

Shops:
D:3 (=   D:4 *


Message History

2 orcs come into view.
Found a staircase to the Ecumenical Temple.
The orc shouts!
You hear a shout! x2
An orc comes into view. It is wielding a +0 whip.
The orc priest mumbles some strange prayers to Beogh against you.
Pain shoots through your body!
An orc comes into view. It is wielding a +0 club.
Casting: Scorch (safe; 1% risk of failure)
Confirm with . or Enter, or press ? or * to list all spells.
Flames lash the orc.
The orc is almost dead.
The orc's fire resistance burns away.
The orc hits you with a +0 club. The orc attacks as you move away!
The orc barely misses you.
The orc priest looks encouraged for a moment.
Casting: Scorch (safe; 1% risk of failure)
Confirm with . or Enter, or press ? or * to list all spells.
Flames lash the orc.
The orc is burned terribly!
You kill the orc!
The orc closely misses you.
Your Conjurations skill increases to level 3!
The orc attacks as you move away! The orc closely misses you.
The orc priest calls down the wrath of Beogh upon you.
Beogh smites you!
Casting: Scorch (safe; 1% risk of failure)
Confirm with . or Enter, or press ? or * to list all spells.
Flames lash the orc.
You kill the orc!
The orc hits you but does no damage.
Casting: Scorch (safe; 1% risk of failure)
Confirm with . or Enter, or press ? or * to list all spells.
Flames lash the orc but do no damage.
The orc closely misses you.
Casting: Scorch (safe; 1% risk of failure)
Confirm with . or Enter, or press ? or * to list all spells.
Flames lash the orc.
You kill the orc!
The orc priest casts a cantrip, but nothing happens.
The orc priest invokes the aid of Beogh against you.
Pain shoots through your body!
Ouch! That really hurt!
You die...

#..# #.# #.# #.# #..#
#.# #.# #.# #... ...
..# #.#### ..#. .!.
### #....# ## . ...
####.# ### ######.##
#............
...#.#####
#.########.#.
.......@.# #.# #.#.
####.###.# #.# #.#. #.
#.# #.# #.#. ####. #.#
#.# #.#.
#....###o###.#####
#.#.
#...)..........####.#.
#.))##########........
##...# #..###.#.
......# #..###.#.


You could see an orc priest.

Vanquished Creatures
  A necrophage (D:4)
  6 adders
  A shadow imp (D:3)
  3 orcs (D:4)
  5 ball pythons
  4 bats
  3 endoplasms
  4 giant cockroaches
  6 goblins
  5 hobgoblins
  3 jackals (D:2)
  10 kobolds
  A quokka (D:4)
  4 frilled lizards
  3 rats
59 creatures vanquished.

Vanquished Creatures (others)
  63 foxfires
63 creatures vanquished.

Grand Total: 122 creatures vanquished

Notes
Turn   | Place    | Note
-------+----------+-------------------------------------------
     0 | D:1      | Rikuski the Deep Elf Fire Elementalist began the quest for
                  | the Orb.
     0 | D:1      | Reached XP level 1. HP: 10/10 MP: 6/6
   363 | D:1      | Reached XP level 2. HP: 15/15 MP: 6/8
   907 | D:1      | Learned a level 2 spell: Scorch
   970 | D:1      | Found a faded altar of an unknown god.
  1344 | D:2      | Reached skill level 4 in Fire Magic
  1462 | D:2      | Reached XP level 3. HP: 19/19 MP: 7/10
  1871 | D:2      | Reached XP level 4. HP: 22/24 MP: 4/11
  2496 | D:3      | Found Jyiph's One-of-a-Kind Rings.
  2560 | D:3      | Found Seaxul's Weapon Emporium.
  2931 | D:3      | Found a basalt altar of Yredelemnul.
  3003 | D:4      | Found Fauddoikh's General Store.
  3068 | D:4      | Reached skill level 5 in Fire Magic
  3116 | D:4      | Noticed a necrophage
  3123 | D:4      | Killed a necrophage
  3124 | D:4      | Reached XP level 5. HP: 28/28 MP: 2/13
  3229 | D:4      | Found a staircase to the Ecumenical Temple.
  3242 | D:4      | Killed from afar by an orc priest

Illustrated notes

Levels and vault maps discovered:
D:1:      mrwooster_arrival_statue_2, layout_loops_corners, serial_forest,
          infiniplex_forest_lined_ring, infiniplex_forest_lined_room_3,
          infiniplex_forest_lined_3, infiniplex_forest_clump_curved,
          infiniplex_forest_lined_room_3, basic_ecumenical_altar,
          chequers_arboretum
D:2:      layout_loops_ring
D:3:      layout_basic, mainiacjoe_overflow_surrounded_room, serial_shops,
          nicolae_lakefront_shop, nicolae_shop_unique_rings, amethyst_killhole
D:4:      layout_loops_ring, minmay_temple_entry_tees, serial_shops, shop,
          minmay_bent

Skill      XL: |  1  2  3  4  5 |
---------------+----------------+-----
Fire Magic     | 4 5 |  5.4
Conjurations   | 2 3 |  3.0
Spellcasting   | 4 |  4.5
Dodging        | |  2.4
Stealth        | |  2.4

Action                   |  1- 3 |  4- 6 || total
-------------------------+-------+-------++-------
Melee: Dagger            |     6 |       ||     6
       Punch             |     1 |       ||     1
 Cast: Foxfire           |    38 |    11 ||    49
       Scorch            |    18 |    26 ||    44
  Use: Potion            |     2 |       ||     2
Armor: Robe              |     2 |     3 ||     5
Dodge: Dodged            |    19 |    11 ||    30
